AoeStats
← kV0t3

Arabia

505546264Analyzed
4v4 RM · 22d ago on Sep 9, 2026· 35m 41s· 8 players
Game mode
Random Map
Map size
Large (8 player)
Population
200
Speed
Normal
Resources
Standard
Victory
Conquest
Starting age
Dark Age
Ending age
Imperial Age
RankedLock teamsTeams togetherTeam positionsShared explorationLock speedFull tech treeHidden civsTurbo modeCheats
Victory
Defeat
🇦🇷 Huns · Argentina
1395
+16
🇦🇷 Bengalis · Argentina
1388
+16
🇦🇷 Chinese · Argentina
1358
+19
🇦🇷 Slavs · Argentina
1341
+18
🇦🇷 Italians · Argentina
1420
-18
🇦🇷 Armenians · Argentina
1418
-18
🇧🇷 Burmese · Brazil
1408
-18
🇨🇴 Cumans · Colombia
1342
-15
kV0t3
0:25 Loom
10:17 Feudal Age
12:51 Double-Bit Axe
16:02 Fletching
16:57 Padded Archer Armor
25:19 Castle Age
23:52 Gold Mining
23:43 Horse Collar
25:19 Crossbowman
25:55 Bodkin Arrow
25:33 Elite Skirmisher
26:57 Bow Saw
28:08 Leather Archer Armor
29:09 Wheelbarrow
29:39 Ballistics
35:47 Imperial Age
36:15 Imperial Age
34:24 Gold Shaft Mining
33:40 Stone Mining
33:54 Heavy Plow
35:07 Gold Shaft Mining
ZIZOU
2:17 Loom
6:27 Loom
9:17 Feudal Age
10:50 Double-Bit Axe
18:29 Scale Barding Armor
21:05 Horse Collar
22:20 Wheelbarrow
22:30 Bloodlines
25:08 Castle Age
24:13 Forging
24:12 Gold Mining
25:12 Light Cavalry
25:53 Husbandry
26:25 Chain Barding Armor
29:10 Iron Casting
29:51 Heavy Plow
30:57 Bow Saw
maikoLin
7:03 Loom
9:17 Feudal Age
10:46 Double-Bit Axe
11:10 Horse Collar
16:06 Forging
20:17 Scale Barding Armor
25:47 Castle Age
24:28 Bloodlines
25:59 Gold Mining
25:47 Light Cavalry
26:49 Chain Barding Armor
26:49 Bow Saw
28:49 Husbandry
29:25 Fletching
AlleN ★
0:26 Loom
10:03 Feudal Age
10:53 Double-Bit Axe
13:59 Fletching
22:58 Horse Collar
26:06 Castle Age
27:00 Bow Saw
26:16 Crossbowman
27:13 Bodkin Arrow
27:56 Thumb Ring
27:56 Padded Archer Armor
ValkriaN
7:04 Loom
9:32 Feudal Age
10:10 Double-Bit Axe
18:30 Wheelbarrow
19:03 Horse Collar
23:05 Castle Age
21:54 Gold Mining
22:18 Bloodlines
22:43 Forging
23:20 Scale Barding Armor
23:58 Husbandry
24:44 Chain Barding Armor
33:39 Gold Shaft Mining
MuyFloji
5:47 Loom
6:01 Loom
9:01 Feudal Age
15:13 Fletching
20:50 Double-Bit Axe
25:11 Castle Age
23:46 Padded Archer Armor
24:48 Gold Mining
24:39 Horse Collar
25:11 Crossbowman
25:52 Bodkin Arrow
27:53 Leather Archer Armor
27:59 Ballistics
30:22 Thumb Ring
Perseu
6:26 Loom
8:55 Feudal Age
16:11 Horse Collar
17:22 Fletching
23:48 Castle Age
23:54 Crossbowman
25:12 Bodkin Arrow
28:53 Ballistics
31:04 Padded Archer Armor
wilder200969
6:54 Loom
9:13 Feudal Age
10:17 Horse Collar
15:39 Forging
16:37 Town Watch
20:40 Wheelbarrow
24:37 Castle Age
22:42 Gold Mining
23:30 Scale Barding Armor
23:57 Double-Bit Axe
26:11 Bloodlines
29:40 Heavy Plow
30:22 Fletching
31:12 Iron Casting
33:33 Chain Barding Armor
Connection lost

Rejoining the realm…

Still unreachable

The connection could not be restored.

Session expired

The server has moved on; the page needs a fresh start.